 Dungeon Crawl Stone Soup version 0.32-a0-433-g08bcfe7efd (webtiles) character file.

Game seed: 8549895480719736485

286 Sobieck the Ducker (level 6, 0/40 (47) HPs)
             Began as a Coglin Delver on Feb 22, 2024.
             Slain by Duvessa
             ... wielding a +0 short sword
              (1 damage)
             ... on level 4 of the Dungeon.
             The game lasted 00:05:54 (3939 turns).

Sobieck the Ducker (Coglin Delver)                  Turns: 3939, Time: 00:05:55

HP:   0/40 (47)     AC:  4    Str: 13    XL:     6   Next: 30%
MP:   6/6           EV: 14    Int:  9    God:
Gold: 258           SH:  0    Dex: 17    Spells: 5/5 levels left

rFire   . . .        h - +0 quarterstaff (speed) {Francisca}
rCold   . . .        (shield currently unavailable)
rNeg    . . .        b - +0 leather armour
rPois   .            (no helmet)
rElec   .            (no cloak)
rCorr   .            f - +0 pair of gloves
SInv    .            (no boots)
Will    .....        (no amulet)
Stlth   +++          (no ring)
HPRegen 0.26/turn    (no ring)
MPRegen 0.10/turn

%: no passive effects
@: immotile, hasted, heavily drained, revved, very quick
A: off-hand wielding, slow wielding, warmup strikes, legs shutdown
a: no special abilities


You were on level 4 of the Dungeon.
You visited 1 branch of the dungeon, and saw 5 of its levels.

You collected 258 gold pieces.

Inventory:

Hand Weapons
 a - a +0 short sword {Bastian}
 h - a +0 quarterstaff of speed (weapon) {Francisca}
Armour
 b - a +0 leather armour (worn)
 f - a +0 pair of gloves (worn)
Magical Staves
 p - a staff of conjuration
Wands
 g - a wand of mindburst (19)
 D - a wand of digging (3)
 E - a wand of charming (8)
 V - a wand of flame (15)
Scrolls
 c - a scroll of fog
 d - 2 scrolls of revelation
 e - a scroll of fear
 i - 2 scrolls of poison {unknown}
 j - 3 scrolls of identify {unknown}
 l - a scroll of blinking {unknown}
 n - a scroll of enchant weapon {unknown}
 t - a scroll of enchant armour {unknown}
Potions
 k - a potion of attraction {unknown}
 m - a potion of cancellation {unknown}
 o - 3 potions of degeneration {unknown}
 q - 2 potions of brilliance {unknown}
 r - 2 potions of lignification {unknown}
 s - 2 potions of enlightenment {unknown}
 u - a potion of might {unknown}
 v - 2 potions of curing {unknown}
 H - 2 potions of haste


   Skills:
 - Level 3.0 Fighting
 - Level 1.7 Short Blades
 + Level 5.9 Dodging
 - Level 4.1 Stealth


You had 5 spell levels left.
You didn't know any spells.
Your spell library contained the following spells:

 Spells                   Type           Power      Damage    Failure   Level
 Apportation              Tloc           0%         N/A       45%         1
 Necrotise                Necr           0%         1d4       45%         1
 Sting                    Conj/Alch      0%         1d3       45%         1
 Summon Small Mammal      Summ           0%         N/A       45%         1
 Mercury Vapours          Alch/Air       0%         N/A       61%         2
 Mephitic Cloud           Conj/Alch/Air  0%         N/A       83%         3
 Freezing Cloud           Conj/Ice/Air   0%         6-21      100%        5


Dungeon Overview and Level Annotations

Branches:
Dungeon (5/15)
 Temple: D:4-7

Altars:
Fedhas
Vehumet

Shops:
D:1 :

Annotations:
D:4 Dowan, Duvessa


Innate Abilities, Weirdness & Mutations

You can wield a second weapon in your off-hand.
It takes a long time for you to wield or remove held weapons.
Your first few attacks do less damage.
Attacking and casting redirects power from your legs.


Message History

You barely miss Duvessa.
Duvessa is lightly wounded.
Duvessa hits you with a +0 short sword!
* * * LOW HITPOINT WARNING * * *
You sock Duvessa!
Duvessa is moderately wounded.
Duvessa hits you with a +0 short sword.
* * * LOW HITPOINT WARNING * * *
Unknown command.
You hit Duvessa but do no damage.
Duvessa is moderately wounded.
Duvessa hits you with a +0 short sword!
* * * LOW HITPOINT WARNING * * *
You hit Duvessa.
Duvessa is heavily wounded.
Duvessa hits you with a +0 short sword!
* * * LOW HITPOINT WARNING * * *
Unknown command.
You closely miss Duvessa.
Duvessa is heavily wounded.
You hit Duvessa but do no damage.
Duvessa is heavily wounded.
Duvessa hits you but does no damage.
You barely miss Duvessa.
Duvessa is heavily wounded.
Duvessa closely misses you.
Unknown command.
You hit Duvessa.
Duvessa is heavily wounded.
Duvessa hits you with a +0 short sword.
* * * LOW HITPOINT WARNING * * *
You hit Duvessa.
Duvessa is severely wounded.
Duvessa closely misses you.
You hit Duvessa but do no damage.
Duvessa is severely wounded.
Duvessa barely misses you.
You hit Duvessa.
Duvessa is severely wounded.
You hit Duvessa.
Duvessa is almost dead.
Duvessa barely misses you.
You barely miss Duvessa.
Duvessa is almost dead.
Duvessa hits you with a +0 short sword.
* * * LOW HITPOINT WARNING * * *
You hit Duvessa.
Duvessa is almost dead.
Duvessa hits you with a +0 short sword.
You die...

.###.###.###.# #..# #.#.
.......†...#.# #..# #...
####.....#.#.. ...# ###.
#......##.#####... #.
#.......#.#...#....# #.
#########>#.#.#.... #.
..........#........ #.
#########.....#.#.#####.
#ee@.....>#.#.##....
#.###.....#.#.##.... #
###+#......+....
#........##....
###..............
...........##....
..#......#########
.........#
..##.....#########


You could see Duvessa (fast) and Dowan.

Vanquished Creatures
  A bombardier beetle (D:3)
  2 orc priests (D:3)
  An orc wizard (D:3)
  3 adders
  4 gnolls
  A dart slug (D:1)
  6 ribbon worms
  6 orcs (D:3)
  6 ball pythons
  4 bats
  7 endoplasms
  4 giant cockroaches
  7 goblins
  3 hobgoblins
  12 jackals
  5 kobolds
  2 quokkas
  2 frilled lizards (D:1)
  2 rats (D:3)
78 creatures vanquished.

Notes
Turn   | Place    | Note
-------+----------+-------------------------------------------
     0 | D:5      | Sobieck the Coglin Delver began the quest for the Orb.
     0 | D:5      | Reached XP level 1. HP: 18/18 MP: 1/1
    29 | D:5      | Found a radiant altar of Vehumet.
   101 | D:4      | Reached skill level 2 in Dodging
   217 | D:4      | Noticed Dowan
   345 | D:4      | Reached XP level 2. HP: 24/24 MP: 2/2
   404 | D:3      | Reached skill level 3 in Dodging
   404 | D:3      | Reached XP level 3. HP: 26/29 MP: 3/3
   445 | D:3      | Reached XP level 4. HP: 21/35 MP: 4/4
   592 | D:3      | Reached skill level 4 in Dodging
   930 | D:2      | Reached XP level 5. HP: 28/41 MP: 5/5
  1603 | D:1      | Found Daveh Jil's Book Boutique.
  1621 | D:1      | Reached skill level 5 in Dodging
  2733 | D:2      | Found a faded altar of an unknown god.
  3002 | D:3      | Reached XP level 6. HP: 34/47 MP: 6/6
  3805 | D:4      | Found a blossoming altar of Fedhas.
  3906 | D:4      | Noticed Duvessa
  3938 | D:4      | HP: 1/40 [Duvessa/+0 short sword (2)]
  3939 | D:4      | Slain by Duvessa

Illustrated notes

Levels and vault maps discovered:
D:1:      mushboom_english_gardens, layout_basic, serial_shops, shop,
          chequers_decorated_corner
D:2:      layout_loops_ring, dreamdust_ecumenical_altar_hidden_monk_grotto,
          nicolae_the_louvre
D:3:      layout_rooms
D:4:      layout_basic, fedhas_altar_1, uniq_duvessa
D:5:      layout_basic, lemuel_coloured_pillars_altar,
          nicolae_ru_the_path_less_chosen, minmay_temple_entry_gardened_gates,
          uniq_grinder, uniq_blork_the_orc, uniq_pikel, uniq_menkaure

Skill      XL: |  1  2  3  4  5 |
---------------+----------------+-----
Dodging        | 2 3 4 5 |  5.9
Fighting       | |  3.0
Short Blades   | |  1.7
Stealth        | |  4.1

Action                     |  1- 3 |  4- 6 || total
---------------------------+-------+-------++-------
  Melee: Short sword       |    13 |       ||    13
         Quarterstaff      |    33 |   297 ||   330
    Use: Potion            |       |     1 ||     1
   Stab: Sleeping          |       |    10 ||    10
         Distracted        |       |     1 ||     1
 Armour: Leather armour    |    18 |   142 ||   160
  Dodge: Dodged            |    23 |   162 ||   185

Table legend: (Time is in decaauts)
 A = Elapsed time spent in this place.
 B = Non-inter-level travel time spent in this place.
 C = Inter-level travel time spent in this place.
 D = Time resting spent in this place.
 E = Time spent auto-exploring this place.
 F = Levels seen in this place.
 G = Mean time per level.
                   A        B        C        D        E       F      G
               +--------+--------+--------+--------+--------+-----+--------+
         Total |   3898 |   3725 |    173 |    784 |   2124 |   5 |  779.6 |
       Dungeon |   3898 |   3725 |    173 |    784 |   2124 |   5 |  779.6 |
               +--------+--------+--------+--------+--------+-----+--------+

Top non-repeatable levels by time:
     D:3: 1155 daAuts
     D:2: 1149 daAuts
     D:1: 1039 daAuts
     D:4: 460 daAuts
     D:5: 94 daAuts
